[Event "Titled Tuesday Blitz October 26 2021"]
[White "Nesterov, Arseniy"]
[Black "Barp, Alberto"]
[WhiteFideId "24198455"]
[BlackFideId "872555"]
[WhiteElo "2494"]
[BlackElo "2229"]
[Result "1-0"]
[Round "02"]
[TimeControl "180+1"]
[Date "2021.10.26"]
[WhiteClock "0:01:32"]
[BlackClock "0:00:17"]

1. d4 Nf6 2. c4 e6 3. Nf3 b6 4. g3 Ba6 5. Qc2 c6 6. e4 d5 7. cxd5 Bxf1 8. Kxf1 cxd5 9. e5 Ne4 10. Nbd2 Nxd2+ 11. Bxd2 Be7 12. Kg2 O-O 13. Rac1 Nd7 14. Qa4 Qe8 15. Rc7 Nb8 16. Qxe8 Rxe8 17. Rhc1 f6 18. Rb7 Na6 19. Rc6 Kf7 20. b4 Rec8 21. Rxc8 Rxc8 22. b5 Nc7 23. a4 a6 24. exf6 gxf6 25. Bf4 axb5 26. Bxc7 bxa4 27. Bd6 1-0


[Site "https://www.chess.com"]

[Event "Titled Tuesday Blitz October 26 2021"]
[White "Nozdrachev, Leonid"]
[Black "Bortnyk, Olexandr"]
[WhiteFideId "24113433"]
[BlackFideId "14120828"]
[WhiteElo "2124"]
[BlackElo "2723"]
[Result "0-1"]
[Round "02"]
[TimeControl "180+1"]
[Date "2021.10.26"]
[WhiteClock "0:00:11"]
[BlackClock "0:00:38"]

1. d4 Nf6 2. c4 d6 3. Nf3 g6 4. g3 Bg7 5. Nc3 O-O 6. Bg2 Bf5 7. O-O Ne4 8. Nxe4 Bxe4 9. e3 c5 10. b3 Nc6 11. Bb2 d5 12. Rc1 cxd4 13. Nxd4 Bxg2 14. Nxc6 bxc6 15. Bxg7 Bxf1 16. Bxf8 Bh3 17. Bh6 Qd7 18. Qd4 f6 19. cxd5 cxd5 20. e4 Rd8 21. e5 Qf5 22. exf6 Qf3 23. f7+ Kxf7 24. Qf4+ Qxf4 25. Bxf4 Kf6 26. f3 e5 27. Bd2 Rd7 28. Kf2 Be6 29. Rc5 g5 30. f4 gxf4 31. gxf4 Kf5 32. fxe5 Kxe5 33. Bc3+ Ke4 34. Be1 d4 35. Ke2 Bd5 36. Bg3 h5 37. Kd2 Rf7 38. Rc1 Rb7 39. Re1+ Kf3 40. Re5 Be4 41. Re8 Rf7 42. Bd6 Rd7 43. Rf8+ Kg2 44. Bg3 Rd5 45. Rf2+ Kh3 46. Rf4 Bg6 47. Rh4+ Kg2 48. Rf4 Rd8 49. Rf2+ Kh3 50. Rf4 d3 51. Rh4+ Kg2 52. Rf4 Rc8 53. Rc4 Re8 54. Rf4 Re2+ 55. Kc3 Rc2+ 56. Kb4 d2 57. Rd4 Kf3 58. Bf4 Ke2 59. Bxd2 Rxd2 60. Rxd2+ Kxd2 61. Ka5 Bd3 62. b4 Kc3 63. b5 Kb2 64. a4 Ka3 65. b6 axb6+ 66. Kxb6 Kxa4 67. Kc5 Ka5 68. Kd4 Bg6 69. Ke5 Bc2 70. Kf6 Bd1 71. Kg5 Kb4 72. Kf4 Kc3 73. Kg3 Kd3 74. Kf2 Ke4 75. Kg2 Kf4 76. Kh1 Kf3 77. Kg1 Ba4 78. Kh1 Bb5 79. Kg1 Bc6 80. Kh1 Kf2# 0-1


[Site "https://www.chess.com"]

[Event "Titled Tuesday Blitz October 26 2021"]
[White "Perez Ponsa, Federico"]
[Black "atbenina64"]
[WhiteFideId "117927"]
[WhiteElo "2672"]
[BlackElo "2584"]
[Result "1-0"]
[Round "02"]
[TimeControl "180+1"]
[Date "2021.10.26"]
[WhiteClock "0:01:06"]
[BlackClock "0:01:26"]

1. e4 c5 2. Nf3 e6 3. d4 cxd4 4. Nxd4 Nc6 5. Nc3 Qc7 6. Be3 a6 7. Qd2 Nf6 8. f4 Bb4 9. Bd3 d5 10. e5 Nd7 11. a3 Bc5 12. Qf2 Nxd4 13. Bxd4 Bxd4 14. Qxd4 Qc5 15. Ne2 b5 16. b4 Qxd4 17. Nxd4 Nb6 18. Kd2 Bd7 19. g4 g6 20. h3 Ke7 21. Rae1 h5 22. f5 hxg4 23. hxg4 gxf5 24. gxf5 Rag8 25. f6+ Kf8 26. Reg1 Rxh1 27. Rxh1 Be8 28. Rh7 Nd7 29. Nf3 Rg3 30. Ke2 Rg2+ 31. Ke3 Rg3 32. Kf4 Rg8 33. Ng5 Nxe5 34. Nxe6+ fxe6 35. Kxe5 Bf7 36. Rh1 Ke8 37. Kd6 Rg2 38. Rh8+ Rg8 39. Rxg8+ Bxg8 40. c3 Kf7 41. Ke5 Kf8 42. Be2 Ke8 43. Bg4 Kd7 44. Bh5 1-0


[Site "https://www.chess.com"]

[Event "Titled Tuesday Blitz October 26 2021"]
[White "Przybylski, Wojciech"]
[Black "Moroni, Luca Jr"]
[WhiteFideId "1117599"]
[BlackFideId "865834"]
[WhiteElo "2247"]
[BlackElo "2491"]
[Result "0-1"]
[Round "02"]
[TimeControl "180+1"]
[Date "2021.10.26"]
[WhiteClock "0:00:03"]
[BlackClock "0:00:07"]

1. e4 g6 2. d4 Bg7 3. Nc3 d6 4. Nf3 Nf6 5. h3 O-O 6. Bc4 Nxe4 7. Nxe4 d5 8. Bd3 dxe4 9. Bxe4 c6 10. O-O Nd7 11. c3 c5 12. dxc5 Nxc5 13. Bc2 Be6 14. Be3 Qxd1 15. Rfxd1 Rac8 16. Nd4 Bd7 17. Rd2 Rfd8 18. Rad1 Ba4 19. Nb3 Rxd2 20. Rxd2 Bxb3 21. axb3 a5 22. Kf1 h5 23. Ke2 Bf6 24. Rd5 b6 25. g4 hxg4 26. hxg4 Bg7 27. f4 Bf8 28. f5 gxf5 29. gxf5 Bg7 30. Rd1 Kf8 31. Kf3 Bf6 32. Rg1 Ke8 33. Rg2 Kd7 34. b4 axb4 35. cxb4 Na6 36. Ba4+ Kc7 37. Rc2+ Kb7 38. Rxc8 Kxc8 39. Bxb6 Nxb4 40. b3 Nd5 41. Bc5 Kc7 42. Be8 e6 43. Bxf7 Kc6 44. b4 exf5 45. Be8+ Kc7 46. b5 Be7 47. Bd4 Bd6 48. Bc6 Nb6 49. Bc3 Nc4 50. Bd5 Ne5+ 51. Kf4 Nc4+ 52. Kf3 Ne5+ 53. Ke3 Nd7 54. Be6 Nb6 55. Ba5 f4+ 56. Ke4 Kb7 57. Bb3 Nd7 58. Bd5+ Ka7 59. Bc3 Kb6 60. Bc6 Nc5+ 61. Kf3 Ne6 62. Bb2 Bc5 63. Bf6 Bd4 64. Be7 Bc5 65. Ke4 Bxe7 66. Bd5 Nc7 67. Bc4 Bd6 68. Bd3 Nxb5 69. Kf3 Nc7 70. Kf2 Kc5 71. Bc2 Nd5 72. Bd1 Kd4 73. Kf3 Ke5 74. Bb3 Nf6 75. Bc2 Nd7 76. Bd3 Nc5 77. Bc2 Ne6 78. Bb1 Nd4+ 79. Kf2 Bc5 80. Bd3 Bb6 81. Bh7 Nf5+ 82. Kf3 Be3 83. Ke2 Nd4+ 84. Kd3 Bg1 85. Bg6 f3 86. Bh5 f2 87. Be2 Nxe2 88. Kxe2 Kf4 89. Kf1 Kg3 90. Ke2 Kg2 91. Ke3 f1=Q+ 0-1


[Site "https://www.chess.com"]

[Event "Titled Tuesday Blitz October 26 2021"]
[White "Sellitti, Federico"]
[Black "Gupta, Abhijeet"]
[WhiteFideId "821829"]
[BlackFideId "5010608"]
[WhiteElo "2584"]
[BlackElo "2549"]
[Result "0-1"]
[Round "02"]
[TimeControl "180+1"]
[Date "2021.10.26"]
[WhiteClock "0:01:26"]
[BlackClock "0:02:02"]

1. e4 c5 2. Nc3 Nc6 3. g3 g6 4. Bg2 Bg7 5. d3 e6 6. Be3 d6 7. Qd2 Nge7 8. Nge2 Rb8 9. O-O O-O 10. Bh6 b6 11. h3 Bb7 12. g4 d5 13. Bxg7 Kxg7 14. exd5 Nd4 15. Nxd4 cxd4 16. Ne2 Bxd5 17. Nxd4 Bxg2 18. Qc3 e5 19. Nb5 Bxf1 0-1


[Site "https://www.chess.com"]

[Event "Titled Tuesday Blitz October 26 2021"]
[White "Shipov, Sergei"]
[Black "Wadsworth, Matthew J"]
[WhiteFideId "4113624"]
[BlackFideId "415804"]
[WhiteElo "2790"]
[BlackElo "2293"]
[Result "1-0"]
[Round "02"]
[TimeControl "180+1"]
[Date "2021.10.26"]
[WhiteClock "0:01:46"]
[BlackClock "0:00:40"]

1. d4 Nf6 2. c4 c5 3. d5 e6 4. Nc3 exd5 5. cxd5 d6 6. e4 g6 7. Bd3 Bg7 8. h3 O-O 9. Bg5 a6 10. a4 Nbd7 11. Nf3 h6 12. Bf4 Qe7 13. O-O Nh5 14. Bh2 Ne5 15. Be2 Nxf3+ 16. Bxf3 Nf6 17. e5 dxe5 18. Re1 Ne8 19. Ne4 f5 20. d6 Nxd6 21. Qxd6 Qxd6 22. Nxd6 e4 23. Be2 Bxb2 24. Rab1 Bd4 25. Nxc8 Raxc8 26. Bc4+ Kh8 27. Rxb7 Rc6 28. h4 g5 29. h5 Rff6 30. Rb8+ Kg7 31. Reb1 Rfd6 32. R1b7+ Kf6 33. Rf8# 1-0


[Site "https://www.chess.com"]

[Event "Titled Tuesday Blitz October 26 2021"]
[White "Svane, Frederik"]
[Black "Derjabin, Ilja"]
[WhiteFideId "12923044"]
[BlackFideId "14104768"]
[WhiteElo "2459"]
[BlackElo "2382"]
[Result "1-0"]
[Round "02"]
[TimeControl "180+1"]
[Date "2021.10.26"]
[WhiteClock "0:00:07"]
[BlackClock "0:00:08"]

1. c4 c5 2. Nc3 Nc6 3. Nf3 Nf6 4. g3 g6 5. Bg2 Bg7 6. O-O O-O 7. d4 cxd4 8. Nxd4 Nxd4 9. Qxd4 d6 10. Qd2 Qa5 11. Nd5 Qd8 12. Nc3 Qa5 13. b3 Qh5 14. Qg5 Rb8 15. Qxh5 Nxh5 16. Bb2 b6 17. Rac1 Bb7 18. e4 Rfe8 19. Rfe1 Nf6 20. Re2 Nd7 21. Nd5 Bxd5 22. exd5 Bxb2 23. Rxb2 Rb7 24. Re2 Rc7 25. Rce1 Kf8 26. Re3 a6 27. Bf1 g5 28. Kg2 h6 29. f4 f6 30. Kf3 Nc5 31. Kg4 Kg7 32. h4 Kf7 33. fxg5 hxg5 34. h5 Nd7 35. Bd3 Kf8 36. Bg6 Ne5+ 37. Rxe5 dxe5 38. Bxe8 Kxe8 39. Kf5 Kf7 40. g4 b5 41. Rc1 bxc4 42. Rxc4 Rd7 43. Rc5 Rxd5 44. Rxd5 e6+ 45. Ke4 exd5+ 46. Kxd5 Ke7 47. Ke4 Ke6 48. b4 f5+ 49. gxf5+ Kf6 50. h6 g4 51. a4 g3 52. Kf3 e4+ 53. Kxg3 Kxf5 54. h7 1-0


[Site "https://www.chess.com"]

[Event "Titled Tuesday Blitz October 26 2021"]
[White "Svane, Rasmus"]
[Black "Rozen, Eytan"]
[WhiteFideId "4657101"]
[BlackFideId "2816750"]
[WhiteElo "2643"]
[BlackElo "2115"]
[Result "0-1"]
[Round "02"]
[TimeControl "180+1"]
[Date "2021.10.26"]
[WhiteClock "0:00:09"]
[BlackClock "0:00:14"]

1. Nf3 Nf6 2. g3 g6 3. Bg2 Bg7 4. O-O O-O 5. d4 d5 6. c4 c6 7. Qb3 a6 8. Rd1 b5 9. cxd5 cxd5 10. a4 bxa4 11. Qxa4 Bd7 12. Qa3 Nc6 13. Nc3 e6 14. Bf4 Re8 15. Bd6 a5 16. e3 Nb4 17. Rdc1 Qb6 18. Bc5 Qb7 19. Ne5 Rec8 20. Bf1 Bf8 21. Bxf8 Rxf8 22. Nd3 Nxd3 23. Bxd3 Qb4 24. Qxb4 axb4 25. Ne2 Ne4 26. Nf4 Nd2 27. Bc2 Rfc8 28. Rxa8 Rxa8 29. Nd3 Ra2 30. Nxb4 Rxb2 31. Nd3 Ra2 32. Ne5 Bb5 33. Bd3 Bxd3 34. Nxd3 Ne4 35. Rf1 Nd2 36. Rd1 Ne4 37. Kg2 g5 38. g4 Kg7 39. h3 h5 40. Kf3 f5 41. gxh5 Kh6 42. Kg2 Kxh5 43. Rf1 Kh4 44. Ne5 g4 45. hxg4 fxg4 46. Ng6+ Kg5 47. Nf4 g3 48. Nxe6+ Kg4 49. Nf4 Nxf2 50. Kg1 Nh3+ 51. Nxh3 Kxh3 52. Re1 Rg2+ 53. Kh1 Rh2+ 54. Kg1 g2 55. Kf2 Rh1 56. Rg1 Rxg1 57. Kxg1 Kg3 58. e4 dxe4 59. d5 e3 60. d6 e2 61. d7 e1=Q# 0-1


[Site "https://www.chess.com"]

[Event "Titled Tuesday Blitz October 26 2021"]
[White "Sviridov, Valery"]
[Black "Matveev, Vladimir"]
[WhiteFideId "4120680"]
[BlackFideId "24130753"]
[WhiteElo "2454"]
[BlackElo "2354"]
[Result "1-0"]
[Round "02"]
[TimeControl "180+1"]
[Date "2021.10.26"]
[WhiteClock "0:02:18"]
[BlackClock "0:01:06"]

1. Nf3 Nf6 2. g3 g6 3. Bg2 Bg7 4. O-O O-O 5. c4 d6 6. Nc3 e5 7. d4 Nc6 8. dxe5 dxe5 9. Bg5 Bd7 10. Nd5 Bg4 11. Nd2 Bf5 12. g4 Be6 13. Ne4 Bxd5 14. cxd5 Nb4 15. f4 h6 16. Nxf6+ Bxf6 17. Bxh6 Re8 18. Qd2 Na6 19. f5 g5 20. h4 gxh4 21. g5 Bh8 22. f6 e4 23. g6 1-0


[Site "https://www.chess.com"]

[Event "Titled Tuesday Blitz October 26 2021"]
[White "Timofeev, Artyom"]
[Black "Vlachos, Anatole"]
[WhiteFideId "4140419"]
[BlackFideId "26093189"]
[WhiteElo "2591"]
[BlackElo "2350"]
[Result "1-0"]
[Round "02"]
[TimeControl "180+1"]
[Date "2021.10.26"]
[WhiteClock "0:00:22"]
[BlackClock "0:00:02"]

1. c4 e6 2. Nf3 d5 3. b3 Nf6 4. Bb2 Be7 5. g3 O-O 6. Bg2 dxc4 7. bxc4 c5 8. O-O Nc6 9. d3 Qc7 10. Nc3 a6 11. a4 b6 12. a5 Nxa5 13. e4 Nc6 14. e5 Nd7 15. Re1 Bb7 16. Qe2 Nd4 17. Nxd4 Bxg2 18. Nxe6 fxe6 19. Kxg2 Rf5 20. f4 g5 21. Bc1 Kh8 22. g4 Rff8 23. fxg5 Nb8 24. Qe4 Nc6 25. Bf4 Nd4 26. Rf1 Rad8 27. h4 Nc2 28. Rad1 Rd4 29. Qe2 Rdxf4 30. Rxf4 Rxf4 31. Qxc2 Qxe5 32. Ne4 Rxg4+ 33. Kh3 Qf4 34. Qf2 Rxh4+ 35. Qxh4 Qf3+ 36. Ng3 Qxd1 37. Qe4 Qd2 38. Qe5+ Kg8 39. Qxe6+ Kf8 40. Qf5+ Ke8 41. Qc8+ Bd8 42. Qe6+ Be7 43. Ne4 Qe3+ 44. Kg4 Qe2+ 45. Kf5 Qf3+ 46. Ke5 Qf7 47. Nd6+ 1-0


[Site "https://www.chess.com"]

[Event "Titled Tuesday Blitz October 26 2021"]
[White "Yeletsky, Ivan"]
[Black "Oganisian, Roman"]
[WhiteFideId "24180327"]
[BlackFideId "4153006"]
[WhiteElo "2352"]
[BlackElo "2204"]
[Result "1-0"]
[Round "02"]
[TimeControl "180+1"]
[Date "2021.10.26"]
[WhiteClock "0:00:03"]
[BlackClock "0:00:01"]

1. c4 e6 2. Nf3 f5 3. b3 Nf6 4. Bb2 g6 5. e3 Bg7 6. Qc2 O-O 7. Be2 b6 8. Nc3 Bb7 9. h4 h6 10. Ne5 Qe8 11. Bf3 c6 12. h5 gxh5 13. Ba3 Ng4 14. Nd3 Rf6 15. Nf4 e5 16. Nxh5 Rf7 17. Bxg4 fxg4 18. Qg6 Qe6 19. Qxe6 dxe6 20. Nxg7 Kxg7 21. Ne4 c5 22. Nd6 Bxg2 23. Rg1 Rd7 24. Ne8+ Kf7 25. Rxg2 Kxe8 26. Rxg4 Rf7 27. Rg6 Ke7 28. Rxh6 Nc6 29. Ke2 Rg8 30. Rh2 e4 31. Rah1 Ne5 32. Rh7 Rf8 33. R1h2 Nd3 34. Rxf7+ Rxf7 35. Rg2 Kd6 36. Rh2 Rg7 37. f3 Ne5 38. fxe4 Rg4 39. d3 Rg1 40. Rh5 Ra1 41. d4 Rxa2+ 42. Kf1 Rxa3 43. dxe5+ Kc6 44. Rh6 Ra1+ 45. Kf2 Ra2+ 46. Kf3 Kd7 47. Rh7+ Kc6 48. Re7 Rb2 49. Rxe6+ Kd7 50. Rh6 Rxb3 51. Kf4 a5 52. e6+ Kd6 53. e5+ Ke7 54. Kf5 Rxe3 55. Rh7+ Ke8 56. Rb7 Rf3+ 57. Ke4 Rb3 58. Kd5 a4 59. Ra7 a3 60. e7 a2 61. Ke6 1-0


[Site "https://www.chess.com"]

[Event "Titled Tuesday Blitz October 26 2021"]
[White "Yi, Richard"]
[Black "Samadov, Read"]
[WhiteFideId "2079518"]
[BlackFideId "13417444"]
[WhiteElo "2550"]
[BlackElo "2084"]
[Result "0-1"]
[Round "02"]
[TimeControl "180+1"]
[Date "2021.10.26"]
[WhiteClock "0:00:09"]
[BlackClock "0:00:27"]

1. e4 c5 2. Nf3 d6 3. d4 cxd4 4. Nxd4 Nf6 5. Nc3 a6 6. h3 e5 7. Nde2 h5 8. g3 b5 9. Bg2 Bb7 10. Bg5 Nbd7 11. O-O Be7 12. Qd2 Nb6 13. Rad1 b4 14. Bxf6 Bxf6 15. Nd5 Nxd5 16. exd5 a5 17. c4 Qb6 18. b3 h4 19. Kh2 O-O 20. g4 g6 21. Be4 a4 22. Bc2 axb3 23. axb3 Ra2 24. Nc1 Ra1 25. Nd3 Rxd1 26. Rxd1 e4 27. Nxb4 Re8 28. Re1 Bg5 29. f4 e3 30. Qc3 Bxf4+ 31. Kg2 Be5 32. Qxe3 Qxb4 33. Re2 Kg7 34. Qg5 Qc3 35. Rf2 Qg3+ 36. Kf1 Qxh3+ 37. Kg1 Bd4 0-1


[Site "https://www.chess.com"]

[Event "Titled Tuesday Blitz October 26 2021"]
[White "Yoo, Christopher Woojin"]
[Black "Horobetz, Graham"]
[WhiteFideId "30909694"]
[BlackFideId "2047322"]
[WhiteElo "2105"]
[BlackElo "2562"]
[Result "1-0"]
[Round "02"]
[TimeControl "180+1"]
[Date "2021.10.26"]
[WhiteClock "0:00:54"]
[BlackClock "0:00:06"]

1. e4 c5 2. Nf3 d6 3. d4 cxd4 4. Nxd4 Nf6 5. Nc3 a6 6. h4 e5 7. Nf5 d5 8. Qf3 d4 9. Nd5 Nxd5 10. exd5 Bxf5 11. Qxf5 Qxd5 12. Qc8+ Ke7 13. Bg5+ f6 14. Bd2 b5 15. a4 Nd7 16. Qc7 bxa4 17. Rxa4 a5 18. Rxa5 Rxa5 19. Bxa5 Qd6 20. Qd8+ Kf7 21. Bc4+ Kg6 22. Qe8+ Kh6 23. Bd2+ g5 24. hxg5+ Kg7 25. Qf7# 1-0


[Site "https://www.chess.com"]

[Event "Titled Tuesday Blitz October 26 2021"]
[White "Zhigalko, Sergei"]
[Black "Carnicelli, Valerio"]
[WhiteFideId "13502956"]
[BlackFideId "856185"]
[WhiteElo "2662"]
[BlackElo "2332"]
[Result "1-0"]
[Round "02"]
[TimeControl "180+1"]
[Date "2021.10.26"]
[WhiteClock "0:02:55"]
[BlackClock "0:02:49"]

1. e4 c5 2. Nf3 Nc6 3. c3 Nf6 4. e5 Nd5 5. Bc4 Nb6 6. Bb3 c4 7. Bc2 d6 8. exd6 Qxd6 9. O-O g6 10. b3 cxb3 11. axb3 Bg7 12. d4 O-O 13. Na3 Bg4 14. Nc4 Nxc4 15. bxc4 e5 16. Ba3 Qc7 17. Bxf8 Rxf8 18. d5 Ne7 19. d6 1-0


[Site "https://www.chess.com"]

[Event "Titled Tuesday Blitz October 26 2021"]
[White "Zierk, Steven"]
[Black "Markidis, Konstantinos"]
[WhiteFideId "2034255"]
[BlackFideId "4203500"]
[WhiteElo "2494"]
[BlackElo "2304"]
[Result "1-0"]
[Round "02"]
[TimeControl "180+1"]
[Date "2021.10.26"]
[WhiteClock "0:00:16"]
[BlackClock "0:00:16"]

1. b3 c5 2. Bb2 Nc6 3. Nf3 Nf6 4. c4 g6 5. e3 Bg7 6. d4 cxd4 7. Nxd4 d5 8. cxd5 Qxd5 9. Nc3 Qa5 10. Nxc6 bxc6 11. a3 O-O 12. Qc1 c5 13. Bc4 Ba6 14. b4 cxb4 15. axb4 Qxa1 16. Qxa1 Bxc4 17. f3 Rfd8 18. Ne4 Rd7 19. Nxf6+ Bxf6 20. Bxf6 exf6 21. Qxf6 a5 22. Qc6 Rad8 23. Kf2 Bd5 24. Qa4 axb4 25. Qxb4 Rb7 26. Qa5 Rdd7 27. Rd1 Be6 28. Rxd7 Rxd7 29. h4 h5 30. e4 Kf8 31. Kg3 Ke7 32. Kf4 Kf6 33. g4 hxg4 34. fxg4 Kg7 35. h5 gxh5 36. gxh5 Rd1 37. Qg5+ Kh7 38. Ke5 Rf1 39. Kd6 Rd1+ 40. Ke7 Rd7+ 41. Kf8 Rd8+ 42. Qxd8 1-0


[Site "https://www.chess.com"]

[Event "Titled Tuesday Blitz October 26 2021"]
[White "Abarca Gonzalez, Nicolas"]
[Black "Erdogdu, Mert"]
[WhiteFideId "3409422"]
[BlackFideId "6301495"]
[WhiteElo "2504"]
[BlackElo "2485"]
[Result "1-0"]
[Round "03"]
[TimeControl "180+1"]
[Date "2021.10.26"]
[WhiteClock "0:00:05"]
[BlackClock "0:00:01"]

1. e4 c5 2. Nf3 d6 3. Bc4 Nf6 4. e5 dxe5 5. Nxe5 e6 6. Qe2 Bd6 7. f4 O-O 8. O-O Bd7 9. b3 Nc6 10. Nxc6 Bxc6 11. Bb2 Re8 12. a4 Nd5 13. Qg4 Nf6 14. Qg5 h6 15. Qg3 Bf8 16. f5 e5 17. Bxe5 Ne4 18. Qf4 Rxe5 19. Qxe5 Bd6 20. Bxf7+ Kxf7 21. Qe6+ Kf8 22. Nc3 Nxc3 23. f6 Bd5 24. fxg7+ Kxg7 25. Qg4+ Qg5 26. Qxg5+ hxg5 27. dxc3 Bc6 28. Rae1 Rd8 29. Rf5 Kg6 30. g4 Bd7 31. Rd5 Bc6 32. Re6+ Kf7 33. Rdxd6 Rh8 34. Rh6 Re8 35. Rh7+ Kg8 36. Rh5 Re2 37. Rxg5+ Kf7 38. h4 Rxc2 39. h5 Ke7 40. Rh6 Rxc3 41. Rg7+ Kf8 42. Rc7 Kg8 43. Rg6+ Kh8 44. h6 Rg3+ 45. Kf2 Rf3+ 46. Ke2 Rh3 47. Rd6 Be4 48. Rd8# 1-0


[Site "https://www.chess.com"]

[Event "Titled Tuesday Blitz October 26 2021"]
[White "Avila Pavas, Santiago"]
[Black "Timofeev, Artyom"]
[WhiteFideId "4437128"]
[BlackFideId "4140419"]
[WhiteElo "2292"]
[BlackElo "2591"]
[Result "0-1"]
[Round "03"]
[TimeControl "180+1"]
[Date "2021.10.26"]
[WhiteClock "0:00:02"]
[BlackClock "0:00:08"]

1. d4 Nf6 2. Nf3 b6 3. c4 Bb7 4. Nc3 g6 5. Qc2 Bg7 6. e4 O-O 7. Be2 e6 8. O-O d5 9. e5 Ne4 10. cxd5 exd5 11. Be3 c5 12. dxc5 bxc5 13. Rfd1 Nxc3 14. Qxc3 Nd7 15. Bxc5 Rc8 16. b4 Re8 17. Bb5 Nxc5 18. bxc5 Re6 19. Rac1 Bc6 20. Bxc6 Rexc6 21. Qd4 Bf8 22. Qxd5 Qxd5 23. Rxd5 Bxc5 24. Kf1 Bb6 25. Rxc6 Rxc6 26. Ke2 Rc4 27. Rd2 Ra4 28. Kd3 Kf8 29. Re2 Ke7 30. Kc3 h6 31. h3 g5 32. Nd2 Rxa2 33. Kb3 Ra1 34. Ne4 Ke6 35. Nf6 Ra5 36. Ng8 h5 37. Nh6 Bc7 38. g4 h4 39. Nf5 Rxe5 40. Ra2 Bb6 41. Kc4 Re4+ 42. Kd3 Rf4 43. Re2+ Kf6 44. Rc2 Rxf2 45. Rc1 Rxf5 46. gxf5 Kxf5 47. Rf1+ Kg6 48. Ke4 f6 49. Kd5 f5 50. Ke6 f4 51. Ke5 Be3 52. Ke4 a5 53. Ra1 Bd2 54. Rd1 Bb4 55. Rc1 g4 56. hxg4 Kg5 57. Kf3 h3 58. Rh1 Kh4 59. Kxf4 a4 60. Rb1 h2 61. Kf5 Bc5 62. g5 Bg1 63. Rb8 a3 64. g6 Bd4 65. Rb7 a2 66. Rh7+ Kg3 67. g7 Bxg7 68. Rxg7+ Kf3 69. Rh7 a1=Q 70. Rxh2 Qa5+ 71. Kg6 Qb6+ 72. Kh7 Qc7+ 0-1


[Site "https://www.chess.com"]

[Event "Titled Tuesday Blitz October 26 2021"]
[White "Baskin, Robert"]
[Black "Gledura, Benjamin"]
[WhiteFideId "24662402"]
[BlackFideId "712779"]
[WhiteElo "2521"]
[BlackElo "2326"]
[Result "1-0"]
[Round "03"]
[TimeControl "180+1"]
[Date "2021.10.26"]
[WhiteClock "0:00:10"]
[BlackClock "0:00:58"]

1. e4 c6 2. d4 d5 3. e5 Bf5 4. Nc3 e6 5. g4 Bg6 6. Nge2 h6 7. h4 Bh7 8. Be3 Nd7 9. h5 Ne7 10. f4 c5 11. dxc5 Nc6 12. Nd4 Nxc5 13. Bb5 Rc8 14. Qe2 Ne4 15. Nxe4 Bxe4 16. Rh3 Qa5+ 17. c3 Be7 18. f5 a6 19. Bxc6+ bxc6 20. fxe6 fxe6 21. Nxe6 Kd7 22. Nxg7 Rb8 23. e6+ Kc8 24. Nf5 Ba3 25. b4 Qa4 26. Nd6+ Kc7 27. Nxe4 dxe4 28. Bf4+ Kb7 29. Qxe4 Rbe8 30. Rd1 Re7 31. Rd7+ Rxd7 32. exd7 Qb5 33. Qe5 Qxe5+ 34. Bxe5 Rd8 35. Rd3 c5 36. Bf6 c4 37. Rd1 1-0


[Site "https://www.chess.com"]

[Event "Titled Tuesday Blitz October 26 2021"]
[White "Begmuratov, Khumoyun"]
[Black "Hindermann, Felix"]
[WhiteFideId "14210207"]
[BlackFideId "1305212"]
[WhiteElo "1948"]
[BlackElo "2206"]
[Result "1-0"]
[Round "03"]
[TimeControl "180+1"]
[Date "2021.10.26"]
[WhiteClock "0:00:03"]
[BlackClock "0:00:14"]

1. Nf3 e6 2. b3 b6 3. Bb2 Bb7 4. e3 f5 5. d4 Nf6 6. Bd3 g6 7. O-O Bg7 8. Nbd2 O-O 9. c4 d6 10. Qc2 Nbd7 11. Rfe1 Nh5 12. b4 a5 13. bxa5 Rxa5 14. Bc3 Ra8 15. a4 e5 16. dxe5 dxe5 17. e4 Nc5 18. Bf1 fxe4 19. Nxe4 Nxe4 20. Rxe4 Bxe4 21. Qxe4 Rf4 22. Qe3 e4 23. Bxg7 Kxg7 24. Nd4 Qf6 25. Rd1 Rf8 26. Rd2 c5 27. Nb5 Qa1 28. Nc7 Qe5 29. Nd5 R4f7 30. Nxb6 Nf4 31. Nd7 Qg5 32. Nxf8 Rxf8 33. Rd7+ Kh6 34. a5 Rf6 35. Qg3 Qh5 36. Rd2 g5 37. Rb2 Qd1 38. h4 g4 39. Rb6 Rxb6 40. Qxf4+ Kh5 41. Qg5# 1-0


[Site "https://www.chess.com"]

[Event "Titled Tuesday Blitz October 26 2021"]
[White "Bologan, Victor"]
[Black "Buscar, Michael"]
[WhiteFideId "13900048"]
[BlackFideId "2603616"]
[WhiteElo "2511"]
[BlackElo "2010"]
[Result "0-1"]
[Round "03"]
[TimeControl "180+1"]
[Date "2021.10.26"]
[WhiteClock "0:00:17"]
[BlackClock "0:00:05"]

1. e4 c5 2. Nf3 Nc6 3. Bb5 Nf6 4. Bxc6 dxc6 5. e5 Nd5 6. h3 g6 7. O-O Bg7 8. d3 O-O 9. Re1 Nc7 10. Nbd2 Ne6 11. b3 Nd4 12. Bb2 b6 13. a3 Be6 14. b4 Nxf3+ 15. Qxf3 Bd5 16. Qe3 cxb4 17. axb4 Qc7 18. Ra3 a5 19. Rea1 c5 20. bxc5 bxc5 21. Bc3 Qc6 22. Rxa5 Bxg2 23. Qxc5 Qxc5 24. Rxc5 Rxa1+ 25. Bxa1 Bxh3 26. Rc7 Rc8 27. Rxc8+ Bxc8 28. Kg2 h5 29. Ne4 Kf8 30. c4 Ke8 31. d4 Bb7 32. d5 Kd8 33. Nc5 Bc8 34. Kg3 Bh6 35. Bc3 g5 36. Ba5+ Ke8 37. f3 h4+ 38. Kf2 g4 39. fxg4 Bxg4 40. Ne4 Bf4 41. Bc3 h3 42. Ng3 h2 43. Nh1 Bd1 44. Bd4 Bb3 45. d6 exd6 46. exd6 Bxc4 47. Kf3 Bxd6 48. Kg4 Bd5 49. Nf2 h1=Q 50. Nxh1 Bxh1 0-1


[Site "https://www.chess.com"]

[Event "Titled Tuesday Blitz October 26 2021"]
[White "Bortnyk, Olexandr"]
[Black "Djordjevic, Vuk"]
[WhiteFideId "14120828"]
[BlackFideId "902098"]
[WhiteElo "2723"]
[BlackElo "2463"]
[Result "1-0"]
[Round "03"]
[TimeControl "180+1"]
[Date "2021.10.26"]
[WhiteClock "0:00:05"]
[BlackClock "0:00:15"]

1. e4 e6 2. d4 d5 3. Nc3 Bb4 4. Qd3 dxe4 5. Qxe4 Nf6 6. Qh4 Nc6 7. Nf3 Ne7 8. Bg5 Nf5 9. Qf4 c6 10. Bd3 h6 11. Bxf6 Qxf6 12. O-O Bd6 13. Qe4 g5 14. Rfe1 Kf8 15. Ne5 h5 16. Rad1 g4 17. Qf4 Qh6 18. Qxh6+ Nxh6 19. Ne4 Be7 20. c3 Kg7 21. Ng3 Ng8 22. f3 gxf3 23. Rf1 h4 24. Nh1 Bd6 25. Rxf3 Bxe5 26. dxe5 Bd7 27. Nf2 Be8 28. Be4 Rh5 29. Ng4 h3 30. gxh3 Nh6 31. Nf6 Rxe5 32. Kf2 Nf5 33. Nh5+ Kh6 34. Bxf5 Kxh5 35. Bc2 f5 36. Rg3 Kh6 37. Rg8 Rd5 38. Rdg1 Rdd8 39. Rh8# 1-0


[Site "https://www.chess.com"]

[Event "Titled Tuesday Blitz October 26 2021"]
[White "De Silva, L M S T"]
[Black "Perez Ponsa, Federico"]
[WhiteFideId "9953698"]
[BlackFideId "117927"]
[WhiteElo "1621"]
[BlackElo "2672"]
[Result "0-1"]
[Round "03"]
[TimeControl "180+1"]
[Date "2021.10.26"]
[WhiteClock "0:00:18"]
[BlackClock "0:00:13"]

1. e4 c5 2. Nf3 d6 3. Bb5+ Bd7 4. Bxd7+ Nxd7 5. O-O Ngf6 6. Qe2 e6 7. c3 Ne5 8. d4 Nxf3+ 9. Qxf3 cxd4 10. cxd4 d5 11. e5 Ne4 12. Nc3 Nxc3 13. bxc3 Be7 14. Rb1 b6 15. Qd3 O-O 16. f4 f5 17. Kh1 Rc8 18. Bd2 Qd7 19. g4 Qa4 20. gxf5 Rxf5 21. Rg1 Qc4 22. Qe3 Rcf8 23. Rg2 Qxa2 24. Rbg1 R8f7 25. Qh3 Bf8 26. Be1 Qb1 27. Bh4 Qe4 28. Bg5 Be7 29. Bh6 Bf8 30. Qg3 Rh5 31. Re1 Qf5 32. Bg5 h6 33. Bf6 Kh7 34. h4 Rxf6 35. exf6 Qxf6 36. Re5 Qxh4+ 37. Qxh4 Rxh4+ 38. Kg1 Rxf4 39. Rxe6 Rf5 40. Re8 a5 41. Rb8 Rf6 42. Rb7 a4 43. Rb2 Rc6 44. R2xb6 Rxc3 45. Rb8 Be7 46. R8b7 Bg5 47. Ra6 a3 48. Rba7 Be3+ 49. Kf1 Bxd4 50. Rxa3 Rc1+ 0-1


[Site "https://www.chess.com"]